 Dungeon Crawl Stone Soup version 0.27.0-1-g7a089689b8 (webtiles) character file.

Game seed: 16591486433856729190

17 mainiacjoe the Sneak (level 2, -18/19 HPs)
             Began as a Kobold Delver on Aug 10, 2021.
             Demolished by an ogre (26 damage)
             ... on level 5 of the Dungeon.
             The game lasted 00:03:42 (377 turns).

mainiacjoe the Sneak (Kobold Delver)                 Turns: 377, Time: 00:03:45

Health: -18/19     AC:  4    Str:  9    XL:     2   Next: 80%
Magic:  2/2        EV: 14    Int: 11    God:
Gold:   56         SH:  0    Dex: 16    Spells: 1/1 levels left

rFire    . . .     SeeInvis .   a - +0 short sword
rCold    . . .     Faith    .   (shield restricted)
rNeg     . . .     Spirit   .   b - +0 leather armour
rPois    .         Reflect  .   h - +0 helmet
rElec    .         Harm     .   (no cloak)
rCorr    .         Rampage  .   (no gloves)
Will     .....                  (no boots)
Stlth    ++++......             (no amulet)
HPRegen  0.06/turn              (no ring)
MPRegen  0.08/turn              (no ring)

@: hasted, very quick
A: small, no large weapons, nightstalker 3
a: no special abilities


You were on level 5 of the Dungeon.
You visited 1 branch of the dungeon, and saw 1 of its levels.

You collected 56 gold pieces.

Inventory:

Hand Weapons
 a - a +0 short sword (weapon)
Missiles
 k - 14 sling bullets
Armour
 b - a +0 leather armour (worn)
 h - a +0 helmet (worn)
Wands
 g - a wand of digging (2)
Scrolls
 c - a scroll of fog
 e - a scroll of fear
 i - a scroll of teleportation {unknown}
 j - a scroll of identify {unknown}


   Skills:
 - Level 3.2 Fighting
 + Level 4.2 Short Blades
 - Level 2.4 Dodging
 - Level 6.6 Stealth


You had one spell level left.
You didn't know any spells.
Your spell library contained the following spells:

 Spells                   Type           Power      Damage    Failure   Level
 Sting                    Tmut/Pois      0%         1d3       45%         1
 Sublimation of Blood     Necr           0%         N/A       58%         2
 Mephitic Cloud           Conj/Pois/Air  0%         N/A       83%         3
 Necromutation            Tmut/Necr      0%         N/A       100%        8


Dungeon Overview and Level Annotations

Branches:
Dungeon (5/15)
 Temple: D:4-7

Altars:

Annotations:
D:5 Crazy Yiuf, exclusions: orc, 3 skeletons, 2 zombies and 1 more exclusion


Innate Abilities, Weirdness & Mutations

You are small and have problems with some larger weapons.
You are completely attuned to the shadows.


Message History

Press: ? - help, v - describe, . - travel
Here: a black bear The floor.
Press: ? - help, v - describe, . - travel
Here: a black bear The floor.
As you read the scroll of magic mapping, it crumbles to dust.
You feel aware of your surroundings. The black bear barely misses you.
The black bear misses you. The black bear barely misses you.
The black bear barely misses you. The black bear claws you.
The black bear claws you but does no damage.
Aiming: Dig
Press: ? - help, Shift-Dir - straight line A rock wall.
The rock shatters into small pieces.
You hear a shout!
Unknown command.
An ogre comes into view. It is wielding a +0 giant club.
You feel yourself speed up. The black bear barely misses you.
The black bear closely misses you. The black bear claws you.
The ogre closely misses you.
You hit the ogre but do no damage.
The black bear bites you but does no damage.
The black bear claws you. x2
You hit the ogre.
The ogre is lightly wounded.
The black bear closely misses you. The black bear completely misses you.
The black bear claws you but does no damage.
The ogre misses you.
You hit the ogre.
The ogre is moderately wounded.
You hit the ogre.
The ogre is moderately wounded.
The black bear bites you.
The black bear claws you but does no damage.
The black bear barely misses you.
The ogre hits you with a +0 giant club!!
Ouch! That really hurt!
You die...

**,,***,* #....##.....##.###
,**,*,,,***##..####.........##
,,,,,,,,**.###.#####.........#
,,,,,,,,,,...#.##.##...#.....#
,,,,,,**,,#..........#.##.####
,,,,,,,,*,............#####
,,,,,,,,,,.....#.#.####
,,,,,,,,,,Z..P###h##
,,,,,,,,,,.PP.*#@##
,**,,,***,,,,,#O##
****,,*******#.#
,,,**,,,,,**..#
**,,,,,,,,,,..*
**,,,,,,,,,,<,*
,*,,,,,,,,,,,** ,,,,,,,,,,,,,*
*,,,,,,,,*,***


You could see a black bear and an ogre.

Vanquished Creatures
  A howler monkey zombie (D:5)
  An ufetubus (D:5)
2 creatures vanquished.

Vanquished Creatures (others)
  2 withered plants (D:5)
2 creatures vanquished.

Grand Total: 4 creatures vanquished

Notes
Turn   | Place    | Note
-------+----------+-------------------------------------------
     0 | D:5      | mainiacjoe the Kobold Delver began the quest for the Orb.
     0 | D:5      | Reached XP level 1. HP: 14/14 MP: 1/1
    29 | D:5      | Got Sif Muna's Catalogue of Sinister Envenoming
   110 | D:5      | Reached XP level 2. HP: 19/19 MP: 2/2
   222 | D:5      | Found a runed translucent door.
   278 | D:5      | Noticed a black bear
   371 | D:5      | Noticed an ogre
   377 | D:5      | Demolished by an ogre

Illustrated notes

Levels and vault maps discovered:
D:5:      layout_cave_pools, serial_undead, serial_undead_c, serial_undead_b,
          serial_undead_f, serial_undead_c, serial_undead_d,
          uniq_crazy_yiuf_cottage

Skill      XL: |  1 |
---------------+----+-----
Short Blades   | 4 |  4.2
Fighting       | |  3.2
Dodging        | |  2.4
Stealth        | |  6.6

Action                   || total
-------------------------++-------
Melee: Short sword       ||    15
Evoke: Wand              ||     1
  Use: Scroll            ||     1
       Potion            ||     1
 Stab: Sleeping          ||     1
Armor: Leather armour    ||     7
Dodge: Dodged            ||    16
